cohdb
Replays
Latest Replays
All Replays
Popular Replays
Top Player Replays
Match Explorer
How It Works
Community
CoH3 Stats
Reddit
Sign in to upload your games and track your stats! →
Sign in with Steam
Match 46515330
Unlisted
Match 46515330
Overview
Messages
Build Orders
End
Kradschützen Motorcycle Team
Selects Panzerjäger Kommand Battlegroup
Selects Blockade Equipment
Panzergrenadier Squad
Panzergrenadier Squad
Construct Light Support Kompanie
Fire Support Elements
Flakvierling Half-track
2.5-tonne Medical Truck
Assault Mechanized Group
Selects Defensive Positions
Panzerjäger Squad
Panzerjäger Squad
Selects Tank Busters
Construct Panzerarmee Kommand
Armored Reserves
Panzerjäger Squad
Tiger Heavy Tank
Construct Mechanized Kompanie
250 Light Carrier
Combat Half-tracks
Tiger Heavy Tank
Selects Crew Shock Tactics
Selects Anti-tank Overwatch
Anti-tank Overwatch
Tiger Heavy Tank
Crew Shock Tactics
Sublime
电子阳痿末期
KR_UNRNS
Mr_NoteAr
User1diego
Justive killer
0
0
Comments
sign in to comment!
No comments posted yet!